 Dungeon Crawl Stone Soup version 0.18.1-50-g88ac8fd (webtiles) character file.

272 Nordron the Firebug (level 6, 0/34 HPs)
             Began as a Gargoyle Fire Elementalist on Sept 23, 2016.
             Slain by a killer bee (7 damage)
             ... on level 3 of the Dungeon.
             The game lasted 00:15:31 (2841 turns).

Nordron the Firebug (Gargoyle Fire Elementalist)    Turns: 2841, Time: 00:15:31

Health: 0/34       AC:  9    Str: 11    XL:     6   Next: 23%
Magic:  0/10       EV: 10    Int: 18    God:
Gold:   119        SH:  3    Dex: 10    Spells: 3 memorised, 3 levels left

rFire  . . .     SeeInvis .     e - +0 club
rCold  . . .     Gourm    .     x - +0 leather armour
rNeg   + . .     Faith    .     g - +0 buckler
rPois  ∞         Spirit   .     (no helmet)
rElec  +         Dismiss  .     (no cloak)
rCorr  +         Reflect  .     o - +0 pair of gloves
SustAt .         Harm     .     i - +0 pair of boots
MR     .....                    v - amulet of magic regeneration
Stlth  ++........               (no ring)
                                p - ring of resist corrosion

@: very slightly contaminated, not resistant to hostile enchantments, unstealthy
A: negative energy resistance 1, electricity resistance, unbreathing,
petrification resistance, rot immunity, AC +4
a: no special abilities


You were on level 3 of the Dungeon.
You were not hungry.

You visited 1 branch of the dungeon, and saw 3 of its levels.

You collected 119 gold pieces.

Inventory:

Hand Weapons
 e - a +0 club (weapon)
Armour
 g - a +0 buckler (worn)
 i - a +0 pair of boots (worn)
 o - a +0 pair of gloves (worn)
 x - a +0 leather armour (worn)
Jewellery
 p - a ring of resist corrosion (left hand)
 v - an amulet of magic regeneration (around neck)
Scrolls
 d - a scroll of identify {unknown}
 f - a scroll of fog {unknown}
 h - 2 scrolls of enchant weapon {unknown}
 l - a scroll of remove curse {unknown}
 n - a scroll of magic mapping {unknown}
 q - a scroll of amnesia {unknown}
 t - a scroll of immolation {unknown}
Potions
 j - 2 potions of agility
 k - a potion of berserk rage
 r - a potion of brilliance {unknown}
 s - a potion of ambrosia {unknown}
 u - a potion of lignification {unknown}
Books
 b - a book of Flames

   Spells                             Type                      Level
   a - Flame Tongue                   Conjuration/Fire             1
   b - Throw Flame                    Conjuration/Fire             2
   c - Conjure Flame                  Conjuration/Fire             3
   d - Inner Flame                    Hexes/Fire                   3
   e - Sticky Flame                   Conjuration/Fire             4
   f - Fireball                       Conjuration/Fire             5
Comestibles
 c - a bread ration
 w - 3 chunks of flesh


   Skills:
 * Level 1.5 Fighting
 + Level 0.6 Maces & Flails
 - Level 1.5 Dodging
 - Level 2.1 Stealth
 + Level 0.2 Shields
 + Level 3.1 Spellcasting
 + Level 2.5 Conjurations
 * Level 5.3 Fire Magic


You had 3 spell levels left.
You knew the following spells:

 Your Spells              Type           Power        Failure   Level  Hunger
a - Flame Tongue          Conj/Fire      ###..        10%         1    None
b - Conjure Flame         Conj/Fire      ###.....     21%         3    ###....
c - Sticky Flame          Conj/Fire      ###.....     75%         4    ####...


Dungeon Overview and Level Annotations

Branches:
Dungeon (3/15)

Altars:
The Shining One

Annotations:
D:3 Sigmund


Innate Abilities, Weirdness & Mutations

You are resistant to torment.
Your stone body is resilient (AC +4).
You are immune to poison.
You resist negative energy.
You are resistant to electric shocks.
You can survive without breathing.
You are immune to petrification.
You are immune to rotting.


Message History

The ooze completely misses you.
You hit the ooze.
The ooze is heavily wounded.
The killer bee misses you.
The killer bee stings you but does no damage.
Something hits you but does no damage. The ooze hits you but does no damage.
The killer bee stings you but does no damage.
Casting: Flame Tongue
Confirm with . or Enter, or press ? or * to list all spells.
Aiming: Flame Tongue
Press: ? - help, Shift-Dir - straight line, f/p - ooze
Aim: an ooze (heavily wounded)
You miscast Flame Tongue.
Nothing appears to happen.
The killer bee misses you. The ooze misses you. Something hits you!
* * * LOW HITPOINT WARNING * * *
The killer bee stings you but does no damage.
Drink which item? (? for menu, Esc to quit)
You feel better. The killer bee closely misses you.
The ooze hits you but does no damage. The killer bee stings you!
You die...

....@...# #.#.....##.# #.
#........#####.#.....##.###.
#........#...........##.....
#......).#...........#######
##........#...........#.....#
..........#####.#.....#.###.#
#........# #...........#.# .
#.#........#############.#.#.#
.###.#.......yyy@J..........#.#..
#...........##{###########..#.###
#...........##.##........#..#....
#...........##.##........#..#..##
#...........##.##........#..#...#
#......y....##.##...........##..#
#...........##.##........##.##...
#...>.......##...................
#.........>.#####........##...#..


You could see 3 killer bees and an ooze.

Vanquished Creatures
  A killer bee (D:3)
  Jessica (D:2)
  2 orc wizards (D:3)
  4 gnolls (D:2)
  4 adders
  An ooze (D:1)
  2 worms
  2 dart slugs
  2 giant geckos (D:1)
  2 orcs (D:3)
  A ball python (D:3)
  2 giant cockroaches (D:2)
  6 goblins
  7 hobgoblins
  4 jackals
  7 kobolds
  A quokka (D:2)
  4 bats
  4 giant newts
  9 rats
66 creatures vanquished.

Notes
Turn   | Place    | Note
--------------------------------------------------------------
     0 | D:1      | Nordron the Gargoyle Fire Elementalist began the quest for the Orb.
     0 | D:1      | Reached XP level 1. HP: 10/10 MP: 3/3
    91 | D:1      | Reached XP level 2. HP: 13/15 MP: 0/5
   428 | D:1      | Reached XP level 3. HP: 20/20 MP: 0/6
   433 | D:1      | Learned a level 3 spell: Conjure Flame
   496 | D:1      | Reached skill level 4 in Fire Magic
  1090 | D:2      | Reached XP level 4. HP: 24/24 MP: 2/7
  1249 | D:2      | Noticed Jessica
  1265 | D:2      | Killed Jessica
  1380 | D:2      | Reached skill level 1 in Fighting
  1380 | D:2      | Reached XP level 5. HP: 14/29 MP: 0/8
  2112 | D:3      | Reached skill level 5 in Fire Magic
  2438 | D:3      | Found a glowing golden altar of the Shining One.
  2587 | D:3      | Reached XP level 6. HP: 18/34 MP: 4/10
  2806 | D:3      | Learned a level 4 spell: Sticky Flame
  2815 | D:3      | Noticed Sigmund
  2841 | D:3      | Slain by a killer bee

Skill      XL: |  1  2  3  4  5  6 |
---------------+-------------------+-----
Fire Magic     | 4 5 |  5.3
Fighting       | 1 |  1.5
Conjurations   | 2 |  2.5
Spellcasting   | 3 |  3.1
Maces & Flails | |  0.6
Dodging        | |  1.5
Stealth        | |  2.1
Shields        | |  0.2

Action                   |  1- 3 |  4- 6 || total
-------------------------+-------+-------++-------
Melee: Unarmed           |     8 |       ||     8
       Club              |    27 |    12 ||    39
 Cast: Flame Tongue      |    50 |    79 ||   129
  Use: Potion            |       |     5 ||     5
  Eat: Chunk             |     1 |     7 ||     8
Armor: Robe              |    15 |    21 ||    36
       Leather armour    |       |    21 ||    21
Dodge: Dodged            |    40 |    30 ||    70
Block: Buckler           |     8 |     6 ||    14
